Cogmind - Beta 16.1 @@@ ROGUE MODE // 2026.01.27 @ 01:16:17 Player: H3-MLN Result: Destroyed by D-53 Grenadier with Mini Grenade Launcher Performance ------------- Evolutions (0) 0 Regions Visited (2) 400 Robots Destroyed (26) 130 Value Destroyed (574) 574 Prototype IDs (0) 0 Alien Tech Used (0) 0 Bonus (0) 0 TOTAL SCORE: 1104 Bonus ------- None Cogmind --------- Core Integrity 0/250 Matter 259/300 Energy 34/100 System Corruption 0% Temperature Cool (40) Movement Treading (480) Ox4 Location -10/Mines Parts ------- > --- POWER (1) -------- (None) > --- PROPULSION (2) --- Light Treads > --- UTILITY (2) ------ Huge Storage Unit Seismic Detector > --- WEAPON (2) ------- Beam Cannon Beam Cannon > --- INVENTORY (25) --- Light Ion Engine Wheel Wheel Compact Wheel Improved Heat Sink Large Matter Pod (150) Hacking Suite Hacking Suite Assault Rifle Light Assault Rifle Datajack Mining Laser Enhanced Flamer Blade Trap Blade Trap Blade Trap Blade Trap Peak State ------------ > --- POWER ------------ Ion Engine > --- PROPULSION ------- Light Treads Wheel > --- UTILITY ---------- Huge Storage Unit Seismic Detector > --- WEAPON ----------- Beam Cannon Light Cannon > --- INVENTORY -------- Light Ion Engine Light Treads Wheel Wheel Compact Wheel Compact Wheel Improved Heat Sink Medium Matter Pod Hacking Suite Hacking Suite Beam Cannon Beam Cannon Beam Cannon Assault Rifle Light Assault Rifle Light Cannon Datajack Mining Laser Enhanced Flamer Blade Trap Blade Trap Blade Trap Blade Trap [Rating: 10] Favorites ----------- Power Ion Engine Engine Ion Engine Propulsion Wheel Treads Light Treads Wheel Wheel Utility Seismic Detector Device Seismic Detector Storage Huge Storage Unit Weapon Light Cannon Energy Cannon Beam Cannon Ballistic Gun Assault Rifle Ballistic Cannon Light Cannon Build | -11 -10 -10 ------- Run | Yrd Mat Min Slots Evolved . | . . . Power . | . . . Propulsion . | . . . Utility . | . . . Weapon . | . . . Parts Attached 17 | 8 3 6 Power 1 | 1 . . Engine 1 | 1 . . Core . | . . . Reactor . | . . . Propulsion 5 | 3 . 2 Treads 2 | 1 . 1 Leg . | . . . Wheel 3 | 2 . 1 Hover . | . . . Flight . | . . . Utility 3 | 2 1 . Device 1 | 1 . . Storage 2 | 1 1 . Processor . | . . . Hackware . | . . . Protection . | . . . Artifact . | . . . Weapon 8 | 2 2 4 Energy Gun . | . . . Energy Cannon 4 | . 1 3 Ballistic Gun 2 | 2 . . Ballistic Cannon 2 | . 1 1 Launcher . | . . . Special Weapon . | . . . Impact Weapon . | . . . Slashing Weapon . | . . . Piercing Weapon . | . . . Special Melee Weapon . | . . . Unidentified Prototypes . | . . . Parts Lost 7 | . . 7 Power 1 | . . 1 Propulsion 2 | . . 2 Utility . | . . . Weapon 4 | . . 4 Highest Loss Streak 7 | . . 7 To Critical Strikes . | . . . Average Backups 12 | 3 8 17 Power . | . 1 1 Propulsion 3 | 1 3 4 Utility 2 | . 1 4 Weapon 4 | . 3 7 Tool/Special . | . . . Unused Backups 14 | . 3 11 Power 1 | . . 1 Propulsion 5 | . 2 3 Utility 4 | . . 4 Weapon 3 | . 1 2 Tool/Special 1 | . . 1 Average Slot Usage (%) 99 | . 100 99 Engine 13 | . 14 13 Treads 14 | . 14 14 Wheel 13 | . 14 13 Device 14 | . 14 14 Storage 14 | . 14 14 Energy Cannon 8 | . 3 14 Ballistic Gun 6 | . 12 . Ballistic Cannon 12 | . 11 13 Peak Build Rating 10 | 7 8 10 Average Rating 8 | 4 7 9 On Entrance 5 | . 7 8 Avg Prop Armor Cover (%) 11 | . 11 11 Naked Turns . | . . . Heaviest Build 92 | 14 92 92 Greatest Support 20 | 20 10 10 Greatest Overweight (x) 9 | 1 9 9 Average Overweight (x) 4 | . 2 9 Largest Inventory Capacity 25 | 8 25 25 Average Capacity 18 | 7 12 25 Most Carried 24 | 7 14 24 Average Carried 13 | 3 8 19 Final Capacity 25 | 8 25 25 Final Carried 17 | 7 14 17 Class Distribution -------------------- 100% | Mutant Dominant Class ---------------- Mutant | -10/Materials Mutant | -10/Mines Resources | -11 -10 -10 ----------- Run | Yrd Mat Min Matter Collected 952 | 242 418 292 Remotely . | . . . Salvage Created 636 | 52 469 115 Parts 57 | 7 39 11 Haulers Intercepted . | . . . Recyclers Shooed 1 | . 1 . Parts Field Recycled . | . . . Retrieved Matter . | . . . Parts Self-Destructed . | . . . Prevented . | . . . Parts Restored . | . . . Kills | -11 -10 -10 ------- Run | Yrd Mat Min Combat Hostiles Destroyed 14 | . 11 3 Guns 4 | . 4 . Cannons 9 | . 7 2 Classes Destroyed 8 | 1 6 1 Builder 1 | . 1 . Tunneler 4 | 2 . 2 Recycler 2 | . 2 . Operator 2 | . 2 . Watcher 3 | . 3 . Swarmer 3 | . 3 . Grunt 10 | . 8 2 Demolisher 1 | . . 1 Best Kill Streak 4 | 1 4 2 Combat Bots Only 3 | . 3 2 Max Kills in Single Turn 1 | 1 1 1 Gunslinging . | . . . Exploded . | . . . Melee . | . . . Uniques/NPCs Destroyed . | . . . Combat | -11 -10 -10 -------- Run | Yrd Mat Min Hostile Shots Fired 60 | . 32 28 Missed 10 | . 8 2 Hits 50 | . 24 26 Projectile 50 | . 24 26 AOE 21 | . . 21 Damage Taken 1135 | . 270 865 Core 253 | . 64 189 Absorbed by Shields . | . . . Core Remaining (%) 100 | 100 . . Volleys Fired 87 | 5 69 13 Largest 2 | 2 2 2 Hottest 120 | 40 90 120 Shots Fired 137 | 10 101 26 Gun 80 | 10 70 . Cannon 57 | . 31 26 Launcher . | . . . Special . | . . . Kinetic 121 | 10 99 12 Thermal 16 | . 2 14 Explosive . | . . . Electromagnetic . | . . . Robot Hit Streak 11 | 2 11 4 Robot Miss Streak 4 | 2 3 4 Penetration Max . | . . . Secondary Targets . | . . . Shots Hit Robots 82 | 5 65 12 Core Hits 32 | 2 25 5 Critical Kills 2 | . 1 1 Critical Parts Destroyed 1 | . 1 . Critical Strikes 3 | . 2 1 Meltdown 1 | . . 1 Destroy 2 | . 2 . Melee Attacks . | . . . Impact . | . . . Slashing . | . . . Piercing . | . . . Sneak Attacks . | . . . Combat Hostiles . | . . . Follow-up Attacks . | . . . Damage Inflicted 1257 | 71 960 226 Guns 616 | 71 545 . Cannons 641 | . 415 226 Explosions . | . . . Melee . | . . . Ramming . | . . . Kinetic 1100 | 71 943 86 Thermal 157 | . 17 140 Explosive . | . . . Electromagnetic . | . . . Impact . | . . . Slashing . | . . . Piercing . | . . . Highest Corruption . | . . . Average Corruption . | . . . Corruption Purged . | . . . Corruption Blocked . | . . . Overload Shots . | . . . Overflow Damage 19 | . 13 6 Projectiles 19 | . 13 6 Explosions . | . . . Melee . | . . . Knockbacks 4 | . 3 1 Impact . | . . . Kinetic 4 | . 3 1 Secondary . | . . . Self-Inflicted Damage . | . . . Shots . | . . . Rammed . | . . . Targets Rammed . | . . . Kicked . | . . . Crushed . | . . . Highest Temperature 153 | . 60 153 Average Temperature 33 | . 10 45 Received Heat Transfer 162 | . 129 33 Siege Activations . | . . . Martial Activations . | . . . Shielding Activations . | . . . Robots Disrupted . | . . . Combat Hostiles . | . . . Robots Corrupted . | . . . Combat Hostiles . | . . . Parts Fried . | . . . Impact Corruptions . | . . . Robots Melted 1 | . . 1 Combat Hostiles 1 | . . 1 Parts Melted 1 | . . 1 Heat Transferred 333 | . 37 296 Parts Sabotaged . | . . . Parts Stolen . | . . . Parts Stripped . | . . . Power Chain Reactions . | . . . Alert | -11 -10 -10 ------- Run | Yrd Mat Min Maximum Alert Level . | . . . Low Security (%) 100 | 100 100 100 Level 1 . | . . . Level 2 . | . . . Level 3 . | . . . Level 4 . | . . . Level 5 . | . . . High Security . | . . . Max Security . | . . . Peak Influence 161 | 5 161 83 Initial 33 | . . 33 Average 37 | . 68 10 Influence Increases 448 | 10 348 90 Destroy 0b10 Robot/C 280 | . 220 60 Destroy 0b10 Robot/NC 60 | 10 40 10 Destroy Leader 86 | . 66 20 Successful Hack 7 | . 7 . Partial Spotted 15 | . 15 . Influence Decreases 428 | 10 263 155 Entered New Map 52 | . . 52 Time Decay 366 | 10 263 93 Lost Part 10 | . . 10 Squads Dispatched 4 | . 4 . Investigation 2 | . 2 . Extermination . | . . . Reinforcement 2 | . 2 . Assault . | . . . Garrison . | . . . Intercept . | . . . Searches Triggered . | . . . Construction Impeded . | . . . Haulers Reinforced . | . . . Active Scanning Responses . | . . . Cargo Convoy Interrupts . | . . . Stealth | -11 -10 -10 --------- Run | Yrd Mat Min Distress Signals 2 | . 2 . Communications Jammed . | . . . Distress Signals . | . . . Times Spotted 29 | . 25 4 Peak Tracking Total 4 | . 4 2 Tactical Retreats . | . . . Traps | -11 -10 -10 ------- Run | Yrd Mat Min Traps Triggered 2 | . 2 . Indirectly . | . . . Trap Hack Attempts . | . . . Triggered . | . . . Disarmed . | . . . Reprogrammed . | . . . Reused . | . . . Traps Extracted . | . . . Installed . | . . . Triggered . | . . . Most Traps Carried 4 | . . 4 Machines | -11 -10 -10 ---------- Run | Yrd Mat Min Machines Disabled . | . . . Max in Single Turn . | . . . Machines Repaired . | . . . Machines Dismantled . | . . . Machines Sabotaged . | . . . Overloaded Fab Kills . | . . . Hacking | -11 -10 -10 --------- Run | Yrd Mat Min Machines Accessed 3 | . 3 . Terminals 2 | . 2 . Fabricators . | . . . Repair Stations . | . . . Recycling Units 1 | . 1 . Scanalyzers . | . . . Garrison Access . | . . . Total Hacks 11 | . 11 . Successful 3 | . 3 . Failed 8 | . 8 . Catastrophic 1 | . 1 . Database Lockouts . | . . . Manual 4 | . 4 . Terminals 6 | . 6 . Fabricators . | . . . Repair Stations . | . . . Recycling Units 5 | . 5 . Scanalyzers . | . . . Garrison Access . | . . . Terminal Hacks 2 | . 2 . Part Schematic 1 | . 1 . Robot Analysis 1 | . 1 . Fabricator Hacks . | . . . Repair Station Hacks . | . . . Recycling Unit Hacks 1 | . 1 . Report Inventory 1 | . 1 . Scanalyzer . | . . . Garrison Access Hacks . | . . . Unauthorized Hacks . | . . . Terminals . | . . . Fabricators . | . . . Repair Stations . | . . . Recycling Units . | . . . Scanalyzers . | . . . Garrison Access . | . . . Data Cores Recovered . | . . . Used . | . . . Hacking Detections 3 | . 3 . Full Trace Events . | . . . Feedback Events . | . . . Feedback Blocked . | . . . Robot Schematics Acquired . | . . . Robots Built . | . . . Authchips . | . . . Time . | . . . Total Robot Build Rating . | . . . Part Schematics Acquired 1 | . 1 . Parts Built . | . . . Authchips . | . . . Time . | . . . Total Part Build Rating . | . . . Part Studies Acquired . | . . . Parts Repaired . | . . . Time . | . . . Parts Recycled . | . . . Recycled Matter . | . . . Retrieved Matter . | . . . Retrieved Components . | . . . Parts Scanalyzed . | . . . Part Schematics Acquired . | . . . Parts Damaged . | . . . Bothacking | -11 -10 -10 ------------ Run | Yrd Mat Min Used RIF Installer . | . . . Robots Hacked . | . . . Non-combat . | . . . Combat . | . . . Robot Hacks Applied . | . . . Relay Couplers Released . | . . . Fabnet Peak Effective % . | . . . Robots Rewired . | . . . Allies Hacked . | . . . Hacks Repelled . | . . . Allies | -11 -10 -10 -------- Run | Yrd Mat Min Total Allies 2 | . . 2 Largest Group 2 | . . 2 Highest-Rated Group 41 | . . 41 Highest-Rated Ally 31 | . . 31 Total Orders . | . . . Ally Attacks 1 | . . 1 Total Damage 21 | . . 21 Kills . | . . . Allies Corrupted . | . . . Allies Melted . | . . . Intel | -11 -10 -10 ------- Run | Yrd Mat Min Active Infowar (turns) 1459 | 10 730 719 Seismic 1459 | 10 730 719 Robot Analysis Total 1 | . 1 . Derelict Logs Recovered . | . . . Drone Launches . | . . . Drone Recoveries . | . . . Exploration | -11 -10 -10 ------------- Run | Yrd Mat Min Turns Passed 1534 | 85 730 719 Spaces Moved 777 | 63 411 303 Core 9 | 9 . . Treads . | . . . Legs . | . . . Wheels 768 | 54 411 303 Hover . | . . . Flight . | . . . Fastest Speed 50 | 50 95 215 Average Speed 153 | 76 120 215 Slowest Speed 215 | 95 215 215 Overloaded Moves . | . . . Propulsion Burnouts . | . . . Robots Hopped . | . . . Potential Cave-ins . | . . . Cave-ins Triggered . | . . . Exploration Rate (%) 40 | 3 59 60 Regions Visited 2 Branch Regions 1 Pre-discovered Areas 1 | . . 1 Known Exits Taken . | . . . Unknown Exits Taken 2 | 1 1 . Scrap Searched 3 | . . 3 Spaces Dug . | . . . Terrain Destroyed . | . . . Melee . | . . . Projectile . | . . . AOE . | . . . Terrain Rammed . | . . . Walls Destroyed . | . . . Machines Disabled . | . . . Actions | -11 -10 -10 --------- Run | Yrd Mat Min Total 979 | 86 548 345 Wait 63 | 4 49 10 Move 775 | 62 410 303 Hop . | . . . Pick Up 28 | 7 11 10 Fast Attach 8 | 7 1 . Attach 5 | . . 5 Detach . | . . . Swap 5 | 1 3 1 Drop 8 | . 5 3 Fire 87 | 5 69 13 Melee . | . . . Ram . | . . . Kick . | . . . Crush . | . . . Escape Stasis . | . . . Rewire . | . . . Trap . | . . . Miscellaneous . | . . . Route ------- -11/Scrapyard -10/Materials (discovered 3 exits: [*Mat x2] / [*Min]) -10/Mines (discovered 1 exit: [*Mat]) History --------- Turn | Location | Event 36 | -11/Scrapyard | Discovered new exit (range 16) 86 | -11/Scrapyard | Entered Materials 308 | -10/Materials | Build established: Mutant 375 | -10/Materials | Discovered new exit (range 7) 609 | -10/Materials | Discovered new exit (range 13) 733 | -10/Materials | Discovered new exit (range 16) 816 | -10/Materials | Entered Mines 997 | -10/Mines | Found a hidden stash of uninstalled traps 1089 | -10/Mines | Discovered new exit (range 16) 1310 | -10/Mines | A weapon hastily lodged in a ceiling crevice suddenly fell to the ground 1402 | -10/Mines | Learned location of Storage (-7) 1453 | -10/Mines | Assembled infested the area 1518 | -10/Mines | Core integrity fell below 50% 1532 | -10/Mines | Core integrity fell below 20% 1535 | -10/Mines | Destroyed by D-53 Grenadier with Mini Grenade Launcher Last Messages --------------- 01412_ Found 55 Matter. 01420_ Acquired Lrg. Matter Pod. 01421_ Acquired 55 matter. 01423_ Acquired 68 matter. 01434_ Acquired 27 matter. 01445_ Dropped Med. Matter Pod. 01453_ ALERT: Infestation in the mines, dispatching Demolisher response squad. 01513_ Lgt. Cannon destroyed. 01513_ Wheel destroyed. 01515_ The unstable cave ceiling collapses. 01519_ Ion Engine destroyed. 01521_ The unstable cave ceiling collapses. 01523_ Lgt. Treads destroyed. 01523_ Beam Cannon destroyed. 01525_ The unstable cave ceiling collapses. 01529_ Lgt. Cannon destroyed. 01531_ The unstable cave ceiling collapses. 01531_ D-53 Grenadier destroyed. 01531_ Beam Cannon destroyed. Map ----- +----------------------------------------------------+ | ?????????????????########??????????????????? | | ??????????####??# #??????????????????? | | ########### ### #??????????????????? | | < #??????????????????? | | #?????????????????? | | #### ### #????????????????? | | ???# #?# ## #???????????????? | | ???# ##??### #???????????????? | | ???###### ##??????? ##???????????????? | | ????????#### #???????? ?????????????????? | | ???###?????## #???????? ?????????????????? | | ?### #?????# ##??????? ###??????????????? | | ## ##???# ##?????? #????????? ????? | | # ##??## ##?????# #???????? ???? | | # ##### ####### #????? ???? | | ## ! ! ## ##### ??? | | ## ! % ! ## ### # # ??? | | ### ######!## ## ### ## #??? | | #?###?????# ##### #?# #; % #???? | | #########?# #???# ### #; * #????? | | #?#=#???# #; #????? | | ######## #?#%#???###### % = ##????? | | ???????# #?#=#??????## d ; % #????? | | ???????# #?#!#??????# =# #????? | | ???????# ###*#??????# % #???? | | ???????# #??????# @ g ??? | | ???????# #####?????# ### ##????? | | ????#### ##????????# #????????????? | | ??### ###??????## ##????????????? | | ### ##??????### ##?????????????? | | ## #????????#######??????????????? | | #?????????????????????????????? | | ##?????????????????????????????? | | ## #####??????????????????????????????? | | ######??????????????????????????????????? | | ####???????????????????????????????????????? | | ???????????????????????????????????????????? | | ???????????????????????????????????????????? | | ???????????????????????????????????????????? | | ???????????????????????????????????????????? | | ???????????????????????????????????????????? | | #??????????????????????????????????????????? | | #??????????????????????????????????????????? | | #??????????????????????????????????????????? | | #??????????????????????????????????????????? | | ???????????????????????????????????????????? | | ???????????????????????????????????????????? | | ???????????????????????????????????????????? | | ???????????????????????????????????????????? | | ???????????????????????????????????????????? | +----------------------------------------------------+ Best States ------------- Heat Dissipation 25 Energy Generation 10 Energy Capacity 250 Matter Stores 300 Matter Capacity 300 Sight Range 16 Terrain Scan Density 10 Evasion (%) 44 Recoil Reduction 2 Item Schematics ----------------- Huge Storage Unit | -10/Materials | Hacked Robot Schematics ------------------ None Fabricated ------------ Nothing Repaired ---------- Nothing Studied --------- None Alien Tech Used ----------------- None Achievements -------------- None Challenges ------------ None Game ------ Seed ArcGyrokineticDeconstructor Manual? 0 Play Time 00:12:13 Cumulative 1285.9 hours Start 2026.01.27 @ 00:56:25 End 2026.01.27 @ 01:16:17 Sessions 2 Manual Loads 0 Difficulty Rogue Special Mode None Game No. 439 Rogue 434 Adventurer 4 Explorer 1 Win Type - Total 29 Types 15/5/1/2/0/1/2/0/2/1 Lore% 97 Gallery% 96 Achievement% 84 Wizard Run 0 Options --------- Layout 0 ASCII 0 Keyboard 0 Movement Numpad Keybinds 0 Fullscreen 2 Font 18/SmallcapsGlow Map View 76x50 Zoom Use 0% Tactical HUD 1 Map Filters NONE Filters NONE Steam 1 RUN: 457cfb0b-7314-476d-b4f2-1f4d7d174014